 Dungeon Crawl Stone Soup version 0.25.1-2-g60ff931df9 (webtiles) character file.

Game seed: 3875932917224232269

301 DildoBatman the Conjurer (level 6, -11/41 HPs)
             Began as a Formicid Wizard on Aug 6, 2020.
             Shot with a stone by a gnoll (17 damage)
             ... on level 5 of the Dungeon on Aug 7, 2020.
             The game lasted 00:11:55 (4204 turns).

DildoBatman the Conjurer (Formicid Wizard)          Turns: 4204, Time: 00:11:55

Health: -11/41     AC:  2    Str: 11    XL:     6   Next: 64%
Magic:  5/10       EV: 12    Int: 20    God:
Gold:   165        SH:  0    Dex:  9    Spells: 4/11 levels left

rFire    . . .     SeeInvis +   a - +0 mace
rCold    . . .     Gourm    .   (no shield)
rNeg     . . .     Faith    .   o - +0 robe
rPois    .         Spirit   .   (helmet unavailable)
rElec    .         Reflect  .   (no cloak)
rCorr    .         Harm     .   (no gloves)
MR       .....                  (no boots)
Stlth    ++........             (no amulet)
HPRegen  0.13/turn              (no ring)
MPRegen  0.12/turn              (no ring)

@: very slightly contaminated
A: permanent stasis, dig shafts and tunnels, four strong arms, antennae 3
a: Dig, Shaft Self


You were on level 5 of the Dungeon.
You were very hungry.

You visited 1 branch of the dungeon, and saw 5 of its levels.

You collected 165 gold pieces.

Inventory:

Hand Weapons
 a - a +0 mace (weapon)
 b - a +0 short sword
Missiles
 c - 43 bolts
 h - 38 stones
 m - 13 arrows
 n - 19 poisoned darts (quivered)
Armour
 d - a +0 tower shield
 o - a +0 robe (worn)
Wands
 g - a wand of paralysis (3)
Scrolls
 f - 2 scrolls of immolation {unknown}
 k - 4 scrolls of teleportation {unknown}
 l - a scroll of remove curse
 q - a scroll of magic mapping {unknown}
 z - 5 scrolls of identify
Potions
 e - 2 potions of curing {unknown}
 i - 2 potions of might {unknown}
 j - a potion of mutation {unknown}
 p - 2 potions of stabbing {unknown}
 r - a potion of lignification {unknown}
 s - a potion of magic
Comestibles
 v - 14 rations


   Skills:
 - Level 1.7 Dodging
 - Level 2.4 Stealth
 - Level 3.2 Spellcasting
 * Level 5.0 Conjurations
   Level 1.0 Summonings
   Level 0.8 Translocations
 * Level 1.7 Fire Magic
 * Level 1.4 Air Magic


You had 4 spell levels left.
You knew the following spells:

 Your Spells              Type           Power        Failure   Level  Hunger
a - Conjure Flame         Conj/Fire      ###.....     11%         3    ###....
c - Magic Dart            Conj           ###.         1%          1    None
e - Mephitic Cloud        Conj/Pois/Air  ##......     17%         3    ###....

Your spell library contained the following spells:

 Spells                   Type           Power        Failure   Level  Hunger
 Call Imp                 Summ           #.......     14%         2    ##.....
 Slow                     Hex            #.......     22%         2    ##.....
 Blink                    Tloc           Unusable     N/A         2    N/A

Dungeon Overview and Level Annotations

Branches:
Dungeon (5/15)
 Temple: D:4-7

Altars:
Gozag
Makhleb
Sif Muna
Xom
Zin

Shops:
D:4 :

Annotations:
D:1 exclusion: worm
D:2 exclusions: crimson imp and 1 more exclusion
D:3 1 exclusion, Menkaure, Robin
D:4 1 exclusion, Blork the orc
D:5 1 runed translucent door, Eustachio; sm0rk's ghost, novice DEAE


Innate Abilities, Weirdness & Mutations

You cannot be hasted, slowed, berserked, paralysed or teleported.
You can dig through walls and to a lower floor.
Your four strong arms can wield two-handed weapons with a shield.
You have a pair of large antennae on your head. (SInv)


Message History

You dig through the rock wall.
You dig through the rock wall.
You dig through the rock wall.
You dig through the rock wall.
You retract your mandibles.
You start resting.
The gnoll is too close now for your liking.
Casting: Magic Dart (safe; 1% risk of failure)
Confirm with . or Enter, or press ? or * to list all spells.
The spell is quite dangerous to cast (17% risk of failure)!
Continue anyway?
Aiming: Mephitic Cloud (quite dangerous; 17% risk of failure)
Press: ? - help, Shift-Dir - straight line, f/p - gnoll
Aim: a gnoll, wielding the +9 hunting sling of Green Conscience {freeze, rElec Str-3 Stlth+} and quivering 8 stones (severely wounded)
You miscast Mephitic Cloud.
You are very lightly contaminated with residual magic.
There is a short, sharp shower of sparks.
You are feeling very hungry.
The gnoll shoots a stone.
The stone hits you!
You die... g.w

#.##...+≈≈≈≈[# #{#
#.##<#.#{....# #{#
#.##.######### #{# #.##.# #.. ..
#{# #.##.# #.# .# #(# ###.##.#
#.#..# #{###########g#.##.#
#.#..# .#
##.{{{.....##.#..##.####.#..##.#
....##.###.#.###@##....[.......#
###.###.##..## #................
#.####.#.#############.#..###
#......g.......#######.#..#
#..#####.#####............# #..#
#.# #............# #..#
#.#####.#######.######## #..#
#.......## #......... ######...#
##########


You could see a gnoll.

Vanquished Creatures
  A scorpion (D:5)
  An orc priest (D:4)
  2 orc wizards (D:4)
  8 adders
  A worm (D:2)
  3 leopard geckos
  6 orcs
  A ball python (D:4)
  7 giant cockroaches
  11 goblins
  5 hobgoblins
  3 jackals (D:2)
  7 kobolds
  2 quokkas
  11 bats
  7 frilled lizards
  A leopard gecko skeleton (D:4)
  7 rats
  4 butterflies (D:1)
88 creatures vanquished.

Notes
Turn   | Place    | Note
-------+----------+-------------------------------------------
     0 | D:1      | DildoBatman the Formicid Wizard began the quest for the
                  | Orb.
     0 | D:1      | Reached XP level 1. HP: 13/13 MP: 4/4
    31 | D:1      | Reached skill level 1 in Conjurations
   271 | D:1      | Reached XP level 2. HP: 19/19 MP: 3/6
   400 | D:1      | Reached skill level 2 in Conjurations
   743 | D:1      | Reached XP level 3. HP: 3/24 MP: 0/7
  1269 | D:2      | Reached skill level 3 in Conjurations
  1480 | D:2      | Reached XP level 4. HP: 19/30 MP: 3/8
  1932 | D:2      | Reached skill level 4 in Conjurations
  1932 | D:2      | Reached XP level 5. HP: 35/35 MP: 0/9
  2665 | D:3      | Found an opulent altar of Gozag.
  2668 | D:3      | Found a shimmering blue altar of Sif Muna.
  2720 | D:3      | Found a burning altar of Makhleb.
  2924 | D:3      | Noticed Robin
  3088 | D:4      | Found a glowing silver altar of Zin.
  3116 | D:4      | Noticed Menkaure
  3227 | D:4      | Learned a level 3 spell: Conjure Flame
  3231 | D:4      | Learned a level 3 spell: Mephitic Cloud
  3327 | D:4      | Found a shimmering altar of Xom.
  3434 | D:4      | Reached skill level 1 in Fire Magic
  3434 | D:4      | Reached XP level 6. HP: 33/41 MP: 4/10
  3484 | D:4      | Reached skill level 1 in Air Magic
  3528 | D:4      | Found Keowuen's Book Emporium.
  3864 | D:5      | Entered Level 5 of the Dungeon
  3864 | D:5      | Found a runed translucent door.
  3870 | D:5      | Noticed sm0rk's ghost (novice DEAE)
  3883 | D:5      | Noticed Eustachio
  3935 | D:5      | Noticed Blork the orc
  4137 | D:5      | Reached skill level 5 in Conjurations
  4182 | D:5      | Identified the +9 hunting sling of Green Conscience
                  | {freeze, rElec Str-3 Stlth+}
  4204 | D:5      | Shot with a stone by a gnoll

Illustrated notes

Levels and vault maps discovered:
D:1:      lightli_arrival_flooded_house, layout_rooms, hangedman_glass_garden
D:2:      layout_loops_ring, st_stairs_5
D:3:      layout_loops_cross, makhleb_grotto_becter,
          gammafunk_temple_overflow_statue, first_ration, lemuel_blue_sif_altar,
          uniq_robin
D:4:      layout_loops_ring, zin_statuary, old_standard_altar, serial_shops,
          shop, kennysheep_generic_room_4, uniq_menkaure
D:5:      layout_loops_ring, ebering_ghost_reflecting_pool, roderic_batcave,
          uniq_edmund, uniq_eustachio, uniq_blork_the_orc

Skill      XL: |  1  2  3  4  5  6 |
---------------+-------------------+-----
Conjurations   | 1 2 3 4 5 |  5.0
Fire Magic     | 1 |  1.7
Air Magic      | 1 |  1.4
Dodging        | |  1.7
Stealth        | |  2.4
Spellcasting   | |  3.2
Summonings     | |  1.0
Translocations | |  0.8

Action                   |  1- 3 |  4- 6 || total
-------------------------+-------+-------++-------
Melee: Club              |    24 |       ||    24
       Short sword       |       |     3 ||     3
       Mace              |       |     7 ||     7
Throw: Dart              |       |     4 ||     4
 Cast: Magic Dart        |    87 |   121 ||   208
       Mephitic Cloud    |       |     3 ||     3
 Abil: Dig               |     1 |     5 ||     6
  Use: Scroll            |     2 |       ||     2
       Potion            |     1 |       ||     1
 Stab: Confused          |       |     1 ||     1
  Eat: Chunk             |     2 |     8 ||    10
Armor: Robe              |     8 |     3 ||    11
Dodge: Dodged            |    31 |    14 ||    45
